Map: Terraformation EC (Void)

Players

AgCl

  • Race: Terran Terran
  • League: Silver

Central - Winner!

  • Race: Zerg Zerg
  • League: Silver

VOD

Have the link to the VOD?

Description

Time

  • Played on: July 14, 2015, 4:04 a.m.
  • Length: 7:44
Show
View Real Time Build Order
Export as new Build Order

AgCl Terran 

Build Orders:  

Get SALT Encoding   

  12  0:13  Supply Depot  
  12  0:18  Refinery  
  12  0:23  SCV  
  13  0:38  Barracks  
  13  0:40  SCV  
  14  0:52  SCV  
  15  1:04  Barracks  
  15  1:05  SCV  
  16  1:17  SCV  
  17  1:30  Orbital Command  
  17  1:32  Reaper  
  18  1:39  Refinery  
  18  1:48  Supply Depot  
  18  1:57  SCV, Reaper  
  20  2:04  Reaper  
  21  2:10  SCV  
  21  2:15  Barracks  
  22  2:22  SCV  
  23  2:29  Reaper  
  24  2:34  SCV  
  25  2:43  Factory  
  25  2:46  SCV  
  26  2:53  Barracks Tech Lab  
  26  2:58  SCV  
  26  3:01  Reaper  
  28  3:10  SCV  
  29  3:15  Supply Depot  
  29  3:22  SCV  
  29  3:23  Barracks Reactor  
  30  3:33  Barracks Reactor, Reaper  
  31  3:37  SCV  
  31  3:39  Supply Depot  
  32  3:51  Command Center  
  32  3:52  SCV  
  33  4:01  Armory, Widow Mine  
  35  4:15  Factory  
  35  4:18  SCV  
  36  4:25  Reaper  
  36  4:30  SCV, Widow Mine  
  36  4:31  Marine x3  
  42  4:50  SCV  
  42  4:57  Drilling Claws  
  42  4:59  Hellion x2  
  46  5:02  SCV  
  46  5:03  Widow Mine  
  44  5:14  Barracks Reactor  
  44  5:22  Orbital Command  
  44  5:25  SCV  
  44  5:26  Supply Depot  
  44  5:29  Hellion x2  
  43  5:37  SCV, Widow Mine  
  43  5:42  Engineering Bay  
  46  5:49  Widow Mine  
  47  5:50  SCV x2, Supply Depot  
  50  5:59  Marine  
  50  6:00  Marine  
  50  6:01  Barracks Reactor  
  50  6:02  SCV, Refinery  
  50  6:03  SCV  
  54  6:04  Refinery  
  54  6:09  Factory  
  54  6:13  Supply Depot  
  42  6:36  Starport  
  42  6:39  Widow Mine  
  42  6:40  Widow Mine  
  42  6:46  SCV  
  45  6:51  SCV  
  42  6:54  Command Center  
  42  6:59  SCV  
  43  7:03  SCV  
  43  7:05  Supply Depot  
  43  7:08  Widow Mine  
  44  7:10  Marine x2  
  44  7:11  SCV  
  44  7:13  Widow Mine  
  44  7:15  SCV  
  54  7:23  SCV  
  54  7:29  Supply Depot, Starport  
Show
View Real Time Build Order
Export as new Build Order

Central Zerg - Winner!

Build Orders: Hatch First 

Get SALT Encoding   

  12  0:01  Drone  
  13  0:09  Drone  
  14  0:34  Hatchery  
  13  0:39  Drone  
  14  0:53  Spawning Pool  
  13  1:01  Overlord  
  13  1:05  Drone  
  14  1:19  Drone x2  
  14  1:25  Drone  
  17  1:36  Drone  
  18  1:40  Queen  
  18  1:45  Overlord  
  20  1:49  Queen  
  22  1:55  Zergling x2  
  22  1:57  Zergling x2  
  24  2:02  Overlord  
  24  2:09  Drone x2  
  26  2:16  Drone  
  27  2:31  Drone  
  27  2:32  Drone x2  
  30  2:45  Queen x2  
  30  2:47  Drone x2  
  30  2:50  Extractor x2  
  34  2:54  Drone x3  
  34  2:55  Drone  
  38  3:01  Drone x2  
  38  3:03  Overlord  
  40  3:07  Drone x2  
  40  3:10  Drone  
  43  3:15  Drone  
  44  3:25  Drone  
  45  3:30  Drone x3, Overlord  
  48  3:37  Overlord  
  48  3:38  Metabolic Boost  
  48  3:39  Zergling x4  
  50  3:46  Queen  
  52  3:48  Overlord  
  52  3:52  Zergling x4  
  52  3:53  Zergling x2  
  55  3:58  Zergling x6  
  58  4:34  Hatchery  
  57  4:39  Lair  
  57  4:40  Drone x3  
  57  4:41  Drone x6  
  57  4:42  Roach Warren  
  57  4:44  Evolution Chamber  
  64  4:46  Evolution Chamber, Drone x4  
  63  4:59  Extractor  
  62  5:01  Zergling x8, Extractor  
  61  5:23  Zerg Missile Weapons Level 1, Zerg Ground Armor Level 1  
  61  5:37  Overseer  
  61  5:40  Roach x4  
  61  5:41  Roach x3  
  61  5:42  Overlord x2  
  75  5:45  Overseer  
  75  5:47  Overlord x3  
  75  5:55  Queen  
  77  5:59  Roach x2  
  77  6:00  Overlord x2  
  77  6:36  Roach  
  77  6:37  Roach x14  
  107  6:42  Overlord  
  107  6:59  Ravager  
  107  7:00  Ravager x5  
  107  7:01  Ravager x2  
  115  7:04  Drone x6  
Tags
 
Add a new tag
Caveats
  • Supply blocks, unpowered buildings, or Contaminate may cause inaccurate times.
  • Supply counts are checked every 10 seconds.